 Dungeon Crawl Stone Soup version 0.29.0-13-gc9e81de378 (webtiles) character file.

Game seed: 1868125983945441356

89572 SnakkuSnakku7 the Grappler (level 15, -1/117 HPs)
             Began as a Palentonga Transmuter on Sept 10, 2022.
             Was a High Priest of Nemelex Xobeh.
             Slain by a brown ugly thing (9 damage)
             ... on level 14 of the Dungeon on Sept 11, 2022.
             The game lasted 01:13:58 (36104 turns).

SnakkuSnakku7 the Grappler (Palentonga Transmuter) Turns: 36104, Time: 01:14:03

Health: -1/117     AC: 15    Str: 15    XL:     15   Next: 49%
Magic:  20/24      EV: 12    Int: 19    God:    Nemelex Xobeh [*****.]
Gold:   3477       SH:  4    Dex: 13    Spells: 11/26 levels left

rFire   . . .      SeeInvis +     - Unarmed
rCold   + . .      Faith    .   u - +0 buckler
rNeg    . . .      Spirit   .   b - +2 robe of Tyas {rC+ Regen+}
rPois   .          Reflect  .   (no helmet)
rElec   .          Harm     .   K - +0 cloak
rCorr   .          Rampage  .   P - +0 pair of gloves
Will    +....                   (no barding)
Stlth   +.........              M - amulet of regeneration
HPRegen 1.89/turn               g - +4 ring of protection
MPRegen 0.19/turn               Q - ring of wizardry

@: marked, corroded, curled up
A: large, rugged brown scales 3, see invisible, deformed body, roll 1, armoured
tail, reflexive curl
a: Rolling Charge, Renounce Religion, Draw Escape, Draw Destruction, Draw
Summoning, Draw Stack, Triple Draw, Deal Four, Stack Five


You were on level 14 of the Dungeon.
You worshipped Nemelex Xobeh.
Nemelex Xobeh was extremely pleased with you.
You visited 3 branches of the dungeon, and saw 21 of its levels.
You also visited: Sewer, Ossuary and Bailey.

You collected 4047 gold pieces.
You spent 570 gold pieces at shops.

Inventory:

Missiles
 e - 4 curare-tipped darts
 w - 2 throwing nets
Armour
 b - the +2 robe of Tyas (worn) {rC+ Regen+}
   (You found it on level 14 of the Dungeon)

   rC:        It protects you from cold.
   Regen:     It increases your rate of health regeneration.
 p - a +2 robe of resistance
 u - a +0 buckler (worn)
 K - a +0 cloak (worn)
 P - a +0 pair of gloves (worn)
Magical Staves
 y - a staff of air
Jewellery
 c - a ring of protection from fire
 g - a +4 ring of protection (left hand)
 i - a ring of protection from cold
 t - a ring of poison resistance
 x - a ring of resist corrosion
 B - a +4 ring of protection
 F - a ring of willpower
 G - a +6 ring of intelligence
 M - an amulet of regeneration (around neck)
 Q - a ring of wizardry (right hand)
 T - a ring of ice
Wands
 a - a wand of flame (29)
 h - a wand of digging (5)
 s - a wand of paralysis (18)
 H - a wand of acid (2)
 O - a wand of iceblast (15)
 R - a wand of polymorph (6)
Scrolls
 d - 4 scrolls of fog
 l - a scroll of enchant armour
 m - 2 scrolls of teleportation
 q - 4 scrolls of amnesia
 r - 4 scrolls of immolation
 E - a scroll of silence
 V - a scroll of summoning
 X - a scroll of poison
Potions
 f - 11 potions of heal wounds
 j - 17 potions of curing
 k - 4 potions of flight
 n - 5 potions of cancellation
 z - 4 potions of attraction
 A - a potion of brilliance
 C - 4 potions of haste
 D - 3 potions of might
 I - 2 potions of magic
 N - 2 potions of lignification
 S - 3 potions of resistance
 U - a potion of ambrosia
 Y - a potion of mutation


   Skills:
 - Level 8.0 Fighting
 - Level 8.0 Dodging
 - Level 3.0 Shields
 - Level 14.4 Unarmed Combat
 - Level 6.0 Spellcasting
 + Level 13.7 Transmutations
 - Level 3.0 Ice Magic
 - Level 10.0 Air Magic
 - Level 10.0 Invocations


You had 11 spell levels left.
You knew the following spells:

 Your Spells              Type           Power      Damage    Failure   Level
a - Beastly Appendage     Tmut           100%       N/A       1%          1
b - Ice Form              Ice/Tmut       37%        N/A       1%          4
c - Storm Form            Tmut/Air       25%        N/A       32%         7
f - Swiftness             Air            43%        N/A       1%          3

Your spell library contained the following spells:

 Spells                   Type           Power      Damage    Failure   Level
 Shock                    Conj/Air       96%        1d9       1%          1
 Poisonous Vapours        Pois/Air       48%        N/A       1%          2
 Wereblood                Tmut           55%        N/A       1%          2
 Spider Form              Tmut/Pois      31%        N/A       1%          3
 Airstrike                Air            21%        2d(4-20)  1%          4
 Petrify                  Tmut/Erth      31%        N/A       3%          4
 Ensorcelled Hibernation  Hex/Ice        22%        N/A       4%          2
 Ozocubu's Armour         Ice            17%        N/A       4%          3
 Slow                     Hex            20%        N/A       6%          1
 Summon Lightning Spire   Summ/Air       24%        N/A       7%          4
 Blink                    Tloc           10%        N/A       9%          2
 Sublimation of Blood     Necr           5%         N/A       9%          2
 Alistair's Intoxication  Tmut/Pois      20%        N/A       9%          5
 Irradiate                Conj/Tmut      15%        3d16      9%          5
 Corpse Rot               Necr/Pois/Air  18%        N/A       14%         4
 Confusing Touch          Hex            5%         N/A       16%         3
 Dazzling Flash           Conj/Hex       10%        N/A       16%         3
 Vampiric Draining        Necr           5%         2d6       16%         3
 Silence                  Hex/Air        12%        N/A       19%         5
 Statue Form              Tmut/Erth      20%        N/A       43%         6
 Anguish                  Hex/Necr       2%         N/A       45%         4
 Animate Dead             Necr           5%         N/A       45%         4
 Metabolic Englaciation   Hex/Ice        5%         N/A       58%         5
 Conjure Ball Lightning   Conj/Air       12%        3x3d6     69%         6
 Agony                    Necr           5%         N/A       80%         5
 Borgnjor's Vile Clutch   Necr/Erth      2%         N/A       80%         5
 Manifold Assault         Tloc           5%         N/A       80%         5
 Simulacrum               Ice/Necr       5%         N/A       98%         6
 Maxwell's Capacitive Co  Air            21%        ∞         99%         8
 Death Channel            Necr           2%         N/A       100%        6


Dungeon Overview and Level Annotations

Branches:
Dungeon (14/15)            Temple (0/1) D:4            Lair (5/5) D:11
 Shoals (0/4) Lair:2        Snake (0/4) Lair:2        Slime (0/5) Lair:4
    Orc (2/2) D:10            Elf (0/3) Orc:2        Vaults (0/5) D:14
  Sewer (visited)         Ossuary (visited)          Bailey (visited)

Altars:
Ashenzari
Cheibriados
Dithmenos
Fedhas
Makhleb
Nemelex Xobeh
Trog
Wu Jian
Yredelemnul
The Shining One
Jiyva

Shops:
D:10 (   Orc:2 ![[(

Annotations:
D:2 Natasha
D:14 3 runed translucent doors, Wociock's ghost, journeyman DgHW
Lair:2 3 runed translucent doors, Jase's ghost, journeyman TrMo


Innate Abilities, Weirdness & Mutations

You are completely covered in rugged brown scales. (AC +3, +7% HP)
You have supernaturally acute eyesight. (SInv)
Armour fits poorly on your strangely shaped body.
You can roll at nearby foes to attack.
You have a long armoured tail.
You curl defensively after being hit. (AC +7*)


Message History

You punch the brown ugly thing! You freeze the brown ugly thing.
The brown ugly thing is almost dead.
The deep troll earth mage barely misses you.
The deep troll earth mage claws you but does no damage.
The deep troll earth mage claws you.
You hit the brown ugly thing. You freeze the brown ugly thing.
The brown ugly thing is almost dead.
The brown ugly thing stings you!
You are splashed with acid.
The deep troll earth mage bites you! The deep troll earth mage claws you! x2
You punch the deep troll earth mage! You freeze the deep troll earth mage.
The deep troll earth mage is moderately wounded.
The brown ugly thing stings you!
* * * LOW HITPOINT WARNING * * *
You are splashed with acid!
* * * LOW HITPOINT WARNING * * *
The deep troll earth mage bites you.
* * * LOW HITPOINT WARNING * * *
The deep troll earth mage closely misses you.
The deep troll earth mage misses you.
Okay, then.
You warm up again.
Your +0 cloak unmelds from your body.
Your +0 pair of gloves unmelds from your body.
Your +0 buckler unmelds from your body.
The +2 robe of Tyas {rC+ Regen+} unmelds from your body.
The brown ugly thing stings you but does no damage.
The deep troll earth mage bites you but does no damage.
The deep troll earth mage claws you!
* * * LOW HITPOINT WARNING * * *
The deep troll earth mage claws you!
* * * LOW HITPOINT WARNING * * *
Unknown command.
You draw... (choose one card, ? for their descriptions)
a - the Cloud b - Velocity
c - the Tomb You have drawn the Tomb.
Walls emerge from the floor!
The brown ugly thing stings you!
You die...
Your body glows with a rainbow of weird colours and disappears.

#......#8...=[_[)..
##..
.......#............ #
##...
.......#.#8#..8..#8#.#
#....
.......#.###.....###.#
##....
......##h.ho#####o...#
#.....
#####.##.o.oWoooooo..#
#....~
#.#######+++#######
##...~≈
#.#8.......###...8#
#....~≈
#.#........#@u....#
#...~~~
#..........##T##.##
#...≈≈≈ ############
#.# #..≈≈≈≈ ..#
#..~≈≈≈ #.# #..~≈≈≈
#.# #...~≈≈ ..c
#...~≈≈ ## #....≈≈
#....~~


You could see a brown ugly thing, a centaur warrior and a deep troll earth mage.

Vanquished Creatures
  A tengu reaver (D:14)
  An orc warlord (Orc:2)
  Nessos (D:12)
  4 dire elephants (Lair:5)
  An ettin (D:14)
  Erolcha (Orc:1)
  6 hydras
  An ogre mage (D:14)
  A rakshasa (D:12)
  The ghost of Hamboning the Cleaver, a journeyman HuBe of Trog (D:10)
  4 boulder beetles
  Harold (Lair:1)
  9 two-headed ogres
  4 centaur warriors
  2 dancing weapons (D:14)
  A death yak (Lair:5)
  2 tengu warriors
  Sonja (Orc:2)
  Amaemon (D:10)
  A spectral death yak (Lair:5)
  A spectral anaconda (Lair:5)
  An obsidian statue (Lair:5)
  A flayed ghost (D:14)
  A wizard (D:14)
  Pikel (D:6)
  4 deep elf pyromancers
  5 necromancers
  4 orc sorcerers
  5 ugly things
  10 cyclopes
  3 manticores
  12 elephants
  2 centaur zombies (D:10)
  An orange demon (D:11)
  A black mamba (Lair:4)
  The ghost of freelancePsychic the Shooter, a novice MeHu (D:4)
  2 gargoyles
  9 cane toads
  11 komodo dragons
  A tengu conjurer (D:13)
  A dire elephant skeleton (Lair:5)
  An efreet (D:14)
  A yaktaur (D:11)
  3 rime drakes
  A kobold demonologist (D:9)
  A queen bee (Lair:3)
  3 meliai (D:14)
  A polar bear (Lair:3)
  6 trolls
  2 hornets
  Prince Ribbit (D:7)
  13 blink frogs
  A snapping turtle (Lair:2)
  2 water elementals (D:14)
  3 shadows
  7 wraiths
  34 yaks
  6 wyverns
  3 steam dragons
  4 basilisks
  10 vampire mosquitoes
  3 wargs
  An acid dragon (D:11)
  11 water moccasins
  3 nagas (Lair:2)
  Edmund (D:6)
  Duvessa (D:7)
  3 ice beasts
  53 orc warriors
  2 sky beasts (D:7)
  4 black bears
  13 wolves
  7 ogres
  3 boggarts (D:14)
  15 centaurs
  An elephant skeleton (Lair:5)
  A lemure (D:6)
  A phantom (D:6)
  2 kobold brigands (D:9)
  2 gnoll sergeants
  Blork the orc (D:6)
  12 bullfrogs
  4 scorpions
  8 wights
  Dowan (D:7)
  33 killer bees
  An electric eel (D:14)
  4 howler monkeys (D:12)
  A hound (D:4)
  24 orc priests
  Crazy Yiuf (D:2)
  3 jellies
  Jessica (D:3)
  3 iguanas
  Natasha (D:2)
  3 hell rats
  19 orc wizards
  Ijyb (D:4)
  9 mummies
  9 adders
  11 gnolls
  8 river rats
  3 shadow imps (D:7)
  A white imp (D:5)
  An ufetubus (D:4)
  2 worms
  3 dart slugs
  108 orcs
  5 endoplasms
  15 giant cockroaches
  11 goblins
  12 hobgoblins
  9 jackals
  6 quokkas
  14 ball pythons
  5 bats
  11 frilled lizards
  A hobgoblin zombie (Ossuary)
  19 kobolds
  3 kobold zombies (Ossuary)
  4 orc zombies (Ossuary)
  5 rats
  A butterfly (Lair:2)
748 creatures vanquished.

Vanquished Creatures (collateral kills)
  Saint Roka (Orc:2)
1 creature vanquished.

Vanquished Creatures (others)
  An orc sorcerer (Orc:2)
  2 bushes (Lair:3)
  29 fungi
  73 plants
  23 withered plants (Lair:5)
128 creatures vanquished.

Grand Total: 877 creatures vanquished

Notes
Turn   | Place    | Note
-------+----------+-------------------------------------------
     0 | D:1      | SnakkuSnakku7 the Palentonga Transmuter began the quest for
                  | the Orb.
     0 | D:1      | Reached XP level 1. HP: 16/16 MP: 3/3
   129 | D:1      | Reached XP level 2. HP: 12/22 MP: 3/5
   738 | D:1      | Found a faded altar of an unknown god.
   755 | D:1      | Reached XP level 3. HP: 22/27 MP: 6/6
  1481 | D:2      | Noticed Natasha
  1488 | D:2      | Killed Natasha
  1489 | D:2      | Reached skill level 4 in Unarmed Combat
  1489 | D:2      | Reached XP level 4. HP: 32/34 MP: 5/7
  1684 | D:2      | Found a runed translucent door.
  1685 | D:2      | Noticed Crazy Yiuf
  1916 | D:2      | Noticed Natasha
  2177 | D:3      | Noticed Jessica
  2184 | D:3      | Killed Jessica
  2190 | D:3      | Learned a level 4 spell: Ice Form
  2509 | D:3      | Found a snail-covered altar of Cheibriados.
  2526 | D:3      | Reached XP level 5. HP: 39/39 MP: 6/8
  2741 | D:3      | Found a sparkling altar of Nemelex Xobeh.
  2747 | D:3      | Became a worshipper of Nemelex Xobeh the Trickster
  2766 | D:3      | Reached skill level 1 in Ice Magic
  2777 | D:3      | Found an ornate altar of the Wu Jian Council.
  2917 | D:4      | Noticed a black bear
  2998 | D:4      | Reached skill level 5 in Unarmed Combat
  3001 | D:4      | Found a burning altar of Makhleb.
  3007 | D:4      | Noticed Ijyb
  3023 | D:4      | Killed Ijyb
  3057 | D:4      | Reached XP level 6. HP: 33/46 MP: 9/9
  3146 | D:4      | Identified the +1 robe of Greed {Str+4 Dex-5 SInv}
  3209 | D:4      | Found a staircase to the Ecumenical Temple.
  3307 | D:4      | Found a runed translucent door.
  3345 | D:4      | Noticed freelancePsychic's ghost (novice MeHu)
  3347 | D:4      | Noticed a steam dragon
  3406 | D:4      | Reached * piety under Nemelex Xobeh
  3422 | D:4      | Received a gift from Nemelex Xobeh
  3607 | D:4      | Reached skill level 6 in Unarmed Combat
  3631 | D:5      | Entered Level 5 of the Dungeon
  3635 | D:5      | Found a glowing drain.
  3654 | Sewer    | Entered a sewer
  3704 | Sewer    | Gained mutation: You curl defensively after being hit. (AC
                  | +7*) [Palentonga growth]
  3704 | Sewer    | Reached XP level 7. HP: 51/51 MP: 10/10
  4260 | D:5      | Reached skill level 5 in Transmutations
  5234 | D:5      | Reached skill level 7 in Unarmed Combat
  5294 | D:5      | Found a shadowy altar of Dithmenos.
  5297 | D:5      | Found a bloodstained altar of Trog.
  5356 | D:5      | Reached XP level 8. HP: 56/57 MP: 9/11
  5935 | D:6      | Noticed Pikel
  6385 | D:6      | Killed Pikel
  6386 | D:6      | Reached skill level 8 in Unarmed Combat
  6503 | D:6      | Noticed Blork the orc
  6509 | D:6      | Killed Blork the orc
  6794 | D:6      | Noticed Edmund
  6800 | D:6      | Killed Edmund
  6801 | D:6      | Reached skill level 9 in Unarmed Combat
  6801 | D:6      | Reached XP level 9. HP: 57/63 MP: 10/12
  6930 | D:6      | Found a broken altar of Ashenzari.
  7417 | D:7      | Found a sand-covered staircase.
  7421 | Ossuary  | Entered an ossuary
  7810 | D:7      | Reached skill level 1 in Shields
  7952 | D:7      | Reached skill level 10 in Unarmed Combat
  7962 | D:7      | Noticed Duvessa
  7962 | D:7      | Noticed Dowan
  7977 | D:7      | Killed Duvessa
  7984 | D:7      | Killed Dowan
  8983 | D:7      | Noticed Prince Ribbit
  8994 | D:7      | Killed Prince Ribbit
  9504 | D:8      | Reached ** piety under Nemelex Xobeh
  9731 | D:8      | Reached XP level 10. HP: 66/72 MP: 13/13
  9921 | D:8      | Found a blossoming altar of Fedhas.
 10332 | D:9      | Found a flagged portal.
 10398 | Bailey   | Entered a bailey
 11642 | Bailey   | Identified the +6 triple sword of Qaquprorifi {freeze,
                  | Str+2}
 12338 | Bailey   | Reached skill level 5 in Fighting
 12745 | D:9      | Acquired a staff of air
 12948 | D:9      | Reached skill level 10 in Transmutations
 13132 | D:9      | Reached skill level 11 in Unarmed Combat
 13458 | D:10     | Entered Level 10 of the Dungeon
 13458 | D:10     | Found Woed's Weapon Boutique.
 13458 | D:10     | Found a staircase to the Orcish Mines.
 13635 | D:10     | Reached *** piety under Nemelex Xobeh
 13665 | D:10     | Noticed a boulder beetle
 14021 | D:10     | Noticed a two-headed ogre
 14035 | D:10     | Killed a two-headed ogre
 14036 | D:10     | Reached XP level 11. HP: 84/89 MP: 14/14
 14204 | D:10     | You fall into a shaft and drop 2 floors!
 14223 | D:12     | Received a gift from Nemelex Xobeh
 14486 | D:11     | Noticed Amaemon
 14571 | D:10     | Found a runed translucent gate.
 14571 | D:10     | Found a runed translucent gate.
 14571 | D:10     | Found a runed translucent gate.
 14571 | D:10     | Noticed Hamboning's ghost (journeyman HuBe)
 14573 | D:10     | Found a basalt altar of Yredelemnul.
 14668 | D:10     | Noticed a two-headed ogre
 14673 | D:10     | Killed a two-headed ogre
 14674 | D:10     | Reached skill level 12 in Unarmed Combat
 14692 | D:10     | Reached **** piety under Nemelex Xobeh
 14737 | D:10     | Received a gift from Nemelex Xobeh
 14774 | D:10     | Killed a boulder beetle
 14909 | D:10     | Noticed a two-headed ogre
 14920 | D:10     | Killed a two-headed ogre
 14921 | D:10     | Reached skill level 5 in Spellcasting
 15207 | D:11     | Found a staircase to the Lair.
 15442 | D:10     | Killed Amaemon
 15784 | D:11     | Noticed a centaur warrior
 15801 | D:11     | Killed a centaur warrior
 16049 | D:11     | Received a gift from Nemelex Xobeh
 16101 | D:11     | Reached skill level 5 in Dodging
 16149 | D:10     | Reached XP level 12. HP: 98/98 MP: 21/21
 16765 | Lair:1   | Entered Level 1 of the Lair of Beasts
 16896 | Lair:1   | Noticed a four-headed hydra
 16912 | Lair:1   | Killed a four-headed hydra
 17161 | Lair:1   | Noticed Harold
 17179 | Lair:1   | Killed Harold
 17970 | Lair:2   | Reached ***** piety under Nemelex Xobeh
 18036 | Lair:2   | Reached skill level 1 in Invocations
 18039 | Lair:2   | Received a gift from Nemelex Xobeh
 18321 | Lair:2   | Reached skill level 5 in Invocations
 18326 | Lair:2   | Found a staircase to the Shoals.
 18374 | Lair:2   | Found a runed translucent gate.
 18374 | Lair:2   | Found a runed translucent gate.
 18374 | Lair:2   | Found a runed translucent gate.
 18374 | Lair:2   | Noticed Jase's ghost (journeyman TrMo)
 18383 | Lair:2   | Found a staircase to the Snake Pit.
 18678 | Lair:2   | Received a gift from Nemelex Xobeh
 18828 | Lair:3   | Noticed a five-headed hydra
 18834 | Lair:3   | Killed a five-headed hydra
 19068 | Lair:3   | Noticed a four-headed hydra
 19076 | Lair:3   | Killed a four-headed hydra
 19244 | Lair:3   | Received a gift from Nemelex Xobeh
 19318 | Lair:3   | Reached XP level 13. HP: 97/104 MP: 13/22
 19560 | Lair:3   | Received a gift from Nemelex Xobeh
 19727 | Lair:3   | Reached skill level 10 in Invocations
 19732 | Lair:3   | Reached skill level 1 in Air Magic
 20320 | Lair:4   | Received a gift from Nemelex Xobeh
 20559 | Lair:4   | Identified the +9 falchion of Gihol {vamp, Drain rN++ Will+
                  | Int+4}
 20787 | Lair:4   | Found a viscous altar of Jiyva.
 20787 | Lair:4   | Found a staircase to the Slime Pits.
 21012 | Lair:5   | Entered Level 5 of the Lair of Beasts
 21094 | Lair:5   | Reached skill level 5 in Air Magic
 21411 | Lair:5   | Received a gift from Nemelex Xobeh
 21979 | Lair:5   | Noticed a dire elephant
 21979 | Lair:5   | Noticed a dire elephant
 21979 | Lair:5   | Noticed a dire elephant
 21979 | Lair:5   | Noticed a dire elephant
 22162 | Lair:5   | Learned a level 7 spell: Storm Form
 22166 | Lair:5   | Learned a level 3 spell: Swiftness
 22614 | Lair:5   | Identified the +1 mace of Iconoclasm {drain, rElec rF++
                  | rN+}
 23048 | Lair:5   | Reached XP level 14. HP: 105/112 MP: 20/23
 23975 | Lair:5   | Got the Collected Works on the Viperous Birds
 24356 | D:2      | Killed Crazy Yiuf
 24434 | D:4      | Killed freelancePsychic's ghost
 24682 | D:10     | Killed Hamboning's ghost
 24734 | Orc:1    | Entered Level 1 of the Orcish Mines
 24769 | Orc:1    | Received a gift from Nemelex Xobeh
 24852 | Orc:2    | Entered Level 2 of the Orcish Mines
 24852 | Orc:2    | Noticed an orc warlord
 25165 | Orc:2    | Reached skill level 10 in Air Magic
 25365 | Orc:2    | Killed an orc warlord
 25613 | Orc:2    | Found a staircase to the Elven Halls.
 25732 | Orc:2    | Noticed Sonja
 25741 | Orc:2    | Killed Sonja
 26025 | Orc:2    | Found Jequc's Antique Armour Boutique.
 26674 | Orc:2    | Paralysed by an orc sorcerer for 2 turns
 26746 | Orc:2    | Paralysed by an orc sorcerer for 5 turns
 27062 | Orc:2    | Noticed Saint Roka
 27458 | Orc:1    | Reached skill level 13 in Unarmed Combat
 28322 | Orc:2    | Killed Saint Roka
 28394 | Orc:2    | Received a gift from Nemelex Xobeh
 28464 | Orc:2    | Found Miarch's Antique Armour Emporium.
 28475 | Orc:2    | Found Qiqiag's Antique Weapon Shoppe.
 28593 | Orc:2    | Found Asobro's Distillery.
 28621 | Orc:2    | Bought a potion of might for 60 gold pieces
 28621 | Orc:2    | Bought a potion of might for 60 gold pieces
 28621 | Orc:2    | Bought a potion of resistance for 150 gold pieces
 28621 | Orc:2    | Bought a potion of heal wounds for 75 gold pieces
 28621 | Orc:2    | Bought a potion of resistance for 150 gold pieces
 28621 | Orc:2    | Bought a potion of heal wounds for 75 gold pieces
 28968 | Orc:1    | Noticed Erolcha
 29087 | Orc:1    | Killed Erolcha
 29287 | Orc:1    | Paralysed by an orc sorcerer for 5 turns
 29310 | Orc:1    | Received a gift from Nemelex Xobeh
 29533 | D:12     | Noticed Nessos
 29544 | D:12     | Killed Nessos
 29545 | D:12     | Reached skill level 14 in Unarmed Combat
 30668 | D:12     | Received a gift from Nemelex Xobeh
 32067 | D:13     | Received a gift from Nemelex Xobeh
 32086 | D:13     | Reached ****** piety under Nemelex Xobeh
 33345 | D:12     | Reached XP level 15. HP: 87/113 MP: 18/24
 34408 | D:11     | Acquired 897 gold pieces
 34829 | D:14     | Identified the +6 halberd of Success {vorpal, Will+}
 34981 | D:14     | Found a gate to the Vaults.
 35014 | D:14     | Identified the +2 robe of Tyas {rC+ Regen+}
 35376 | D:14     | Noticed a tengu reaver
 35393 | D:14     | Killed a tengu reaver
 36050 | D:14     | Found a glowing golden altar of the Shining One.
 36081 | D:14     | Found a runed translucent gate.
 36081 | D:14     | Noticed Wociock's ghost (journeyman DgHW)
 36081 | D:14     | Identified the +9 plate armour of Kopawam {rPois rCorr
                  | Dex+2 SInv}
 36082 | D:14     | Found a runed translucent gate.
 36083 | D:14     | Found a runed translucent gate.
 36104 | D:14     | Slain by a brown ugly thing

Illustrated notes

Levels and vault maps discovered:
D:1:      erik_arrival_orb_chamber, layout_loops_corners,
          shapermc_ecumenical_altar_starsandcircs
D:2:      layout_basic, hangedman_decor_clover_reticule, patterned_corridor,
          uniq_crazy_yiuf_cottage, uniq_natasha
D:3:      layout_loops_ring, slow_altar_1, mainiacjoe_overflow_two_lobes,
          uniq_jessica
D:4:      layout_rooms, bloody_makhleb, minmay_temple_entry_mist,
          ebering_ghost_inner_flame, hangedman_abyss_or_decor_stabs,
          minmay_misc_feat_room, uniq_ijyb
D:5:      layout_layer_cave, nicolae_overflow_squiral, portal_sewer_entry_f,
          chequers_serial_rivers_small_a, minmay_misc_feat_secret_circle,
          st_stairs_5
D:6:      layout_basic, ashenzari_altar_1, uniq_pikel, uniq_blork_the_orc,
          uniq_edmund
D:7:      layout_loops_ring, nicolae_ossuary_entry_false_entrances,
          st_stairs_12, corexii_corridor_pit, serial_bayou_ford_a,
          uniq_prince_ribbit1, uniq_duvessa
D:8:      layout_rooms, old_standard_altar, nrook_campfire
D:9:      layout_gridville, enter_bailey_5, corexii_checkpoint_a
D:10:     layout_loops_cross, nicolae_yredelemnul_ghost_church, orc_david_3
D:11:     cheibrodos_elevator_heist, layout_gridville,
          grunt_lair_entry_orc_guard_hut, uniq_amaemon
D:12:     minmay_isolated_rectangles_in_corner, layout_layer_cave,
          serial_bayou_pond_c, uniq_nessos
D:13:     layout_basic
D:14:     cross_vault, layout_basic, erik_vaults_1, biasface_ghost_orc_armoury,
          tso_altar
Lair:1:   layout_cave_pods, uniq_harold
Lair:2:   layout_gridlike, minmay_shoals_entry_hut,
          minmay_snake_entry_guardpost_small, gammafunk_ghost_necromancy,
          lemuel_fruit_fields
Lair:3:   regret_index_wax_grids, layout_long_grid, minmay_hedge_maze
Lair:4:   layout_small_grid, dpeg_slime_entry_enclosed, kennysheep_rathole
Lair:5:   due_jungle_book, layout_hall_layers, grunt_megastairs_5
Orc:1:    layout_diamond_mine, uniq_erolcha
Orc:2:    grunt_orc_community_town_hall, layout_diamond_mine,
          grunt_orc_community_big_house_2, grunt_orc_community_big_house_1,
          grunt_orc_community_house_1, grunt_orc_community_house_1,
          grunt_orc_community_house_1, grunt_orc_community_house_2,
          gauntlet_entry_generic, uniq_sonja

Skill      XL: |  1  2  3  4  5  6  7  8  9 10 11 12 13 14 15 |
---------------+----------------------------------------------+-----
Transmutations | 3 5 7 8 10 11 13 | 13.7
Unarmed Combat | 4 5 6 7 9 10 11 12 14 | 14.4
Ice Magic      | 2 3 |  3.0
Shields        | 3 |  3.0
Fighting       | 2 7 8 |  8.0
Spellcasting   | 6 |  6.0
Dodging        | 5 8 |  8.0
Invocations    | 8 10 | 10.0
Air Magic      | 8 10 | 10.0

Action                   |  1- 3 |  4- 6 |  7- 9 | 10-12 | 13-15 || total
-------------------------+-------+-------+-------+-------+-------++-------
Melee: Unarmed           |    84 |   168 |   388 |   587 |  1398 ||  2625
       Kick              |    16 |    28 |    83 |    80 |    55 ||   262
       Headbutt          |    10 |    12 |    47 |    51 |    32 ||   152
       Tailslap          |     4 |    14 |    58 |    52 |    73 ||   201
       Punch             |     2 |     4 |     4 |       |       ||    10
Throw: Dart              |       |       |       |     4 |     1 ||     5
 Cast: Beastly Appendage |    15 |    14 |    35 |    25 |    14 ||   103
       Ice Form          |       |       |       |    33 |    71 ||   104
       Swiftness         |       |       |       |       |     1 ||     1
Invok: Stack Five        |       |       |       |       |     1 ||     1
       Draw Summoning    |       |       |       |       |     3 ||     3
       Draw Destruction  |       |       |       |       |     2 ||     2
       Triple Draw       |       |       |       |       |     1 ||     1
       Deal Four         |       |       |       |       |     1 ||     1
 Abil: Rolling Charge    |       |       |     5 |    11 |     2 ||    18
       End Transformatio |       |       |       |       |     3 ||     3
Evoke: Wand              |       |     1 |    14 |    35 |    11 ||    61
  Use: Scroll            |       |     2 |    11 |    12 |    23 ||    48
       Potion            |       |       |     1 |     3 |     7 ||    11
 Stab: Sleeping          |     2 |     3 |     1 |       |     1 ||     7
       Paralysed         |       |     4 |    10 |     5 |     4 ||    23
       Distracted        |       |       |       |     1 |       ||     1
       Petrified         |       |       |       |       |     9 ||     9
       Invisible         |       |       |       |       |     2 ||     2
       Petrifying        |       |       |       |       |     1 ||     1
Armor: Robe              |    45 |    78 |   161 |   172 |   159 ||   615
       Skin              |       |       |       |   126 |   469 ||   595
Dodge: Dodged            |    43 |    82 |   145 |   307 |   847 ||  1424
Block: Buckler           |       |       |    44 |    70 |    92 ||   206
